 Dungeon Crawl Stone Soup version 0.31-a0-496-g6f97920a28 (webtiles) character file.

Game seed: 6921851578259081109

584 bmack86 the Cleaver (level 7, -7/57 HPs)
             Began as a Minotaur Fighter on Aug 9, 2023.
             Mangled by Pikel
             ... wielding a +2 whip of freezing
              (10 damage)
             ... on level 4 of the Dungeon.
             The game lasted 00:09:17 (2663 turns).

bmack86 the Cleaver (Minotaur Fighter)              Turns: 2663, Time: 00:09:18

Health: -7/57      AC: 10    Str: 22    XL:     7   Next: 14%
Magic:  6/6        EV:  8    Int:  5    God:
Gold:   110        SH:  4    Dex: 10    Spells: 6/6 levels left

rFire   . . .        a - +0 war axe
rCold   . . .        c - +0 buckler
rNeg    . . .        e - +0 chain mail
rPois   .            (helmet restricted)
rElec   .            (no cloak)
rCorr   .            z - +0 pair of gloves
SInv    +            (no boots)
Will    .....        (no amulet) Stlth
                     k - ring of see invisible
HPRegen 0.29/turn    (no ring)
MPRegen 0.10/turn

%: no passive effects
@: no status effects
A: horns 2, retaliatory headbutt
a: no special abilities


You were on level 4 of the Dungeon.
You visited 1 branch of the dungeon, and saw 5 of its levels.

You collected 165 gold pieces.
You spent 55 gold pieces at shops.

Inventory:

Hand Weapons
 a - a +0 war axe (weapon)
Armour
 b - a +0 scale mail
 c - a +0 buckler (worn)
 e - a +0 chain mail (worn)
 s - a +0 kite shield
 z - a +0 pair of gloves (worn)
Jewellery
 k - a ring of see invisible (left hand)
 v - a ring of protection from cold
Scrolls
 h - 2 scrolls of teleportation
 i - a scroll of immolation {unknown}
 l - 3 scrolls of identify {unknown}
 m - 3 scrolls of amnesia
 n - a scroll of vulnerability {unknown}
 p - a scroll of fog {unknown}
 r - a scroll of silence {unknown}
 x - a scroll of torment {unknown}
 y - 2 scrolls of revelation {unknown}
Potions
 d - a potion of magic {unknown}
 f - 2 potions of lignification {unknown}
 g - 2 potions of attraction {unknown}
 j - 2 potions of brilliance {unknown}
 o - 2 potions of curing {unknown}
 q - a potion of resistance {unknown}
 t - a potion of enlightenment {unknown}
 u - a potion of haste {unknown}
 w - a potion of ambrosia {unknown}


   Skills:
 - Level 3.6 Fighting
 + Level 9.5 Axes
 - Level 3.6 Armour
 - Level 3.6 Shields


You had 6 spell levels left.
You didn't know any spells.
Your spell library contained the following spells:

 Spells                   Type           Power      Damage    Failure   Level
 Kiss of Death            Conj/Necr      0%         2d5       99%         1
 Cigotuvi's Dreadful Rot  Necr/Pois/Air  0%         N/A       99%         2
 Ignite Poison            Fire/Tmut/Pois 0%         N/A       100%        3
 Freezing Cloud           Conj/Ice/Air   0%         6-21      100%        5


Dungeon Overview and Level Annotations

Branches:
Dungeon (5/15)
 Temple: D:4-7

Altars:
Kikubaaqudgha
Qazlal
Trog
Yredelemnul

Shops:
D:1 *?   D:4 =

Annotations:
D:4 Pikel


Innate Abilities, Weirdness & Mutations

You have a pair of horns on your head.
You reflexively headbutt those who attack you in melee.


Message History

You barely miss Pikel.
Pikel is severely wounded.
You slash the phantom! You closely miss the adder. The adder bites you.
* * * LOW HITPOINT WARNING * * *
The phantom hits you but does no damage.
Pikel hits you with a +2 whip of freezing.
* * * LOW HITPOINT WARNING * * *
Pikel freezes you.
* * * LOW HITPOINT WARNING * * *
The adder bites you but does no damage.
Okay, then.
You slash Pikel!
Pikel is almost dead.
You hit the phantom. You hit the adder.
You kill the adder!
You block the phantom's attack.
Pikel hits you with a +2 whip of freezing.
* * * LOW HITPOINT WARNING * * *
Pikel freezes you.
* * * LOW HITPOINT WARNING * * *
You hit Pikel but do no damage.
Pikel is almost dead.
You hit the phantom.
You destroy the phantom!
Pikel barely misses you. You furiously retaliate!
You headbutt Pikel, but do no damage.
You have reached level 7!
You hit Pikel but do no damage.
Pikel is almost dead.
Pikel hits you but does no damage.
You closely miss Pikel.
Pikel is almost dead.
You block Pikel's attack.
You hit Pikel. Your headbutt misses Pikel.
Pikel is almost dead.
Pikel hits you but does no damage.
You barely miss Pikel.
Pikel is almost dead.
Pikel hits you with a +2 whip of freezing!
You die...

#
##.##...^.##....#.#.......#
#
#......####....#.#.......#
# #......# #....#.#.......#
#
#......####....#.#.......#
#
#.........######.#.......#
# ##.....##...##
#.#.##....# ###
#.....####..###...##....#
..# #.....#
##†##..#.####### #.#
#.....# #.@K..#.# #.#
####### ##.##.#.# #.#
#.##.#.# #.# #.##.#.# #.#
#.##...# #.# #.###### #.#
#.# ..# #.# ### #.#


You could see Pikel.

Vanquished Creatures
  Sigmund (D:2)
  An ogre (D:4)
  2 phantoms (D:4)
  Jessica (D:3)
  Robin (D:2)
  6 adders
  2 worms (D:2)
  3 dart slugs
  6 orcs
  3 bats
  6 endoplasms
  A giant cockroach (D:2)
  11 goblins
  16 hobgoblins
  4 quokkas
  3 ball pythons
  4 frilled lizards
  8 kobolds
  3 rats (D:1)
82 creatures vanquished.

Notes
Turn   | Place    | Note
-------+----------+-------------------------------------------
     0 | D:1      | bmack86 the Minotaur Fighter began the quest for the Orb.
     0 | D:1      | Reached XP level 1. HP: 19/19 MP: 0/0
   124 | D:1      | Reached skill level 3 in Axes
   210 | D:1      | Reached XP level 2. HP: 26/26 MP: 1/1
   262 | D:1      | Found Ibboabeyt's Assorted Antiques.
   410 | D:1      | Reached skill level 4 in Axes
   541 | D:1      | Found Sywkorom's Magic Scroll Boutique.
   694 | D:1      | Found a faded altar of an unknown god.
   700 | D:1      | Got Plato's Papyrus of Striking
   845 | D:2      | Noticed Sigmund
   852 | D:2      | Killed Sigmund
   853 | D:2      | Reached skill level 6 in Axes
   853 | D:2      | Reached XP level 3. HP: 18/31 MP: 2/2
   853 | D:2      | Reached XP level 4. HP: 23/39 MP: 3/3
   853 | D:2      | Reached XP level 5. HP: 26/45 MP: 4/4
   933 | D:2      | Reached skill level 7 in Axes
   957 | D:2      | Noticed Robin
   981 | D:2      | Killed Robin
  1156 | D:2      | Found an ancient bone altar of Kikubaaqudgha.
  1305 | D:1      | Bought a scroll labelled TIT WULOYCW for 19 gold pieces
  1305 | D:1      | Bought a scroll labelled BATSUTOKK XUEGH for 19 gold pieces
  1305 | D:1      | Bought a metallic green potion for 17 gold pieces
  1459 | D:3      | Found a basalt altar of Yredelemnul.
  1517 | D:3      | Noticed Jessica
  1521 | D:3      | Reached XP level 6. HP: 49/51 MP: 5/5
  1527 | D:3      | Killed Jessica
  1633 | D:3      | Found a bloodstained altar of Trog.
  1933 | D:4      | Found a stormy altar of Qazlal.
  1947 | D:4      | Reached skill level 8 in Axes
  2172 | D:4      | Found Rereits's Jewellery Boutique.
  2349 | D:4      | Reached skill level 9 in Axes
  2644 | D:5      | Entered Level 5 of the Dungeon
  2644 | D:5      | Noticed Pikel
  2658 | D:4      | HP: 1/51 [Pikel/+2 whip of freezing (2)]
  2660 | D:4      | Reached XP level 7. HP: 1/57 MP: 6/6
  2663 | D:4      | Mangled by Pikel

Illustrated notes

Levels and vault maps discovered:
D:1:      giann_horns, layout_loops_ring, serial_shops, shop, shop,
          shapermc_ecumenical_altar_rom_forum
D:2:      minmay_wonky_spiral, layout_rooms, basic_altar, uniq_sigmund,
          uniq_robin
D:3:      layout_rooms, yredelemnul_altar_generic, lemuel_tele_altar,
          grunt_decor_arrowhead, serial_bayou_pond_c, uniq_jessica
D:4:      minmay_chambers_of_twos, layout_basic,
          nicolae_qazlal_scattered_showers, serial_shops,
          nicolae_shop_tiny_glass
D:5:      layout_rooms, mainiacjoe_overflow_boulevard, minivault_5,
          uniq_prince_ribbit1, uniq_grinder, uniq_pikel

Skill      XL: |  1  2  3  4  5  6 |
---------------+-------------------+-----
Axes           | 3 6 7 9 |  9.5
Fighting       | |  3.6
Armour         | |  3.6
Shields        | |  3.6

Action                     |  1- 3 |  4- 6 |  7- 9 || total
---------------------------+-------+-------+-------++-------
  Melee: War axe           |    48 |   131 |     4 ||   183
         Headbutt          |     4 |    20 |       ||    24
    Use: Potion            |     1 |       |       ||     1
         Scroll            |       |     2 |       ||     2
 Armour: Chain mail        |    19 |    91 |     2 ||   112
  Dodge: Dodged            |    11 |    56 |       ||    67
  Block: Buckler           |     9 |    36 |     1 ||    46

Table legend: (Time is in decaauts)
 A = Elapsed time spent in this place.
 B = Non-inter-level travel time spent in this place.
 C = Inter-level travel time spent in this place.
 D = Time resting spent in this place.
 E = Time spent auto-exploring this place.
 F = Levels seen in this place.
 G = Mean time per level.
                   A        B        C        D        E       F      G
               +--------+--------+--------+--------+--------+-----+--------+
         Total |   2707 |   2521 |    186 |     50 |   1590 |   5 |  541.4 |
       Dungeon |   2707 |   2521 |    186 |     50 |   1590 |   5 |  541.4 |
               +--------+--------+--------+--------+--------+-----+--------+

Top non-repeatable levels by time:
     D:1: 852 daAuts
     D:4: 824 daAuts
     D:2: 608 daAuts
     D:3: 410 daAuts
     D:5: 11 daAuts
